cohdb
Replays
Latest Replays
All Replays
Popular Replays
Top Player Replays
Match Explorer
How It Works
Community
CoH3 Stats
Reddit
Sign in to upload your games and track your stats! →
Sign in with Steam
Match 44212250
Unlisted
Match 44212250
Overview
Messages
Build Orders
End
Scout Squad
Construct Barracks
1⁄4-ton 4x4 Truck
Selects Airborne Battlegroup
Selects Heavy Machine Gun Paradrop
Heavy Machine Gun Paradrop
Engineer Squad
Selects Paratrooper Squad Paradrop
Paratrooper Squad Paradrop
M1 Mortar Team
Mechanized Support Center
Construct Motor Pool
M24 Chaffee Light Tank
M24 Chaffee Light Tank
Paratrooper Squad Paradrop
Designate Forward Repair Station
Construct Tank Depot
Selects Recon Loiter
Selects Supply Drop
Recon Loiter
M4A1 Sherman Medium Tank
Recon Loiter
M4A1 Sherman Medium Tank
Esxile
T.R. Stormjäger
MrGlaucus
Discoverer
0
0
Comments
sign in to comment!
No comments posted yet!